 Dungeon Crawl Stone Soup version 0.27-a0-1232-gc6a4cbde82 (webtiles) character file.

Game seed: 152294475488966293

1780 Mesmaeker13 the Magician (level 8, -1/52 HPs)
             Began as a Mummy Summoner on June 8, 2021.
             Killed from afar by a steam dragon (18 damage)
             ... with a ball of steam
             ... on level 8 of the Dungeon.
             The game lasted 00:21:42 (10243 turns).

Mesmaeker13 the Magician (Mummy Summoner)          Turns: 10243, Time: 00:21:42

Health: -1/52      AC:  6    Str: 11    XL:     8   Next: 81%
Magic:  13/18      EV: 29    Int: 16    God:
Gold:   400        SH:  0    Dex: 13    Spells: 7/21 levels left

rFire    x . .     SeeInvis .   n - +0 trident (flame)
rCold    + + .     Faith    .   (no shield)
rNeg     + + +     Spirit   .   t - +2 robe {rC+}
rPois    ∞         Reflect  .   (no helmet)
rElec    .         Harm     .   b - +0 cloak
rCorr    +         Rampage  .   j - +0 pair of gloves
Will     +....                  (no boots)
Stlth    ++........             g - amulet of the acrobat
HPRegen  0.17/turn              s - ring of resist corrosion
MPRegen  0.16/turn              (no ring)

@: acrobatic
A: cold resistance 1, negative energy resistance 3, torment resistance 2, heat
vulnerability 1, no potions
a: no special abilities


You were on level 8 of the Dungeon.
You visited 1 branch of the dungeon, and saw 7 of its levels.
You also visited: Ossuary.

You collected 400 gold pieces.

Inventory:

Hand Weapons
 l - a +1 short sword of venom
 n - a +0 trident of flaming (weapon)
Missiles
 f - 17 poisoned darts
Armour
 b - a +0 cloak (worn)
 j - a +0 pair of gloves (worn)
 r - a +3 leather armour of positive energy
 t - a +2 robe of cold resistance (worn)
Jewellery
 g - an amulet of the acrobat (around neck)
 s - a ring of resist corrosion (left hand)
Wands
 i - a wand of flame (30)
Scrolls
 a - a scroll of brand weapon
 c - a scroll of blinking {unknown}
 d - 2 scrolls of enchant armour
 e - 3 scrolls of enchant weapon {unknown}
 h - 2 scrolls of immolation
 m - 2 scrolls of teleportation


   Skills:
 + Level 5.7 Dodging
 - Level 1.5 Stealth
 - Level 7.2 Spellcasting
 + Level 6.4 Summonings
 + Level 2.1 Ice Magic
 - Level 1.0 Air Magic


You had 7 spell levels left.
You knew the following spells:

 Your Spells              Type           Power      Damage    Failure   Level
a - Summon Small Mammal   Summ           100%       N/A       1%          1
b - Call Imp              Summ           26%        N/A       1%          2
c - Call Canine Familiar  Summ           26%        N/A       2%          3
d - Summon Lightning Spi  Summ/Air       17%        N/A       26%         4
e - Summon Ice Beast      Ice/Summ       19%        N/A       21%         4

Your spell library contained the following spells:

 Spells                   Type           Power      Damage    Failure   Level
 Freeze                   Ice            48%        1d7       4%          1
 Summon Guardian Golem    Hex/Summ       16%        N/A       10%         3
 Magic Dart               Conj           20%        1d4       12%         1
 Frozen Ramparts          Ice            24%        1d4       16%         3
 Ozocubu's Armour         Ice            12%        N/A       16%         3
 Blink                    Tloc           N/A        N/A       19%         2
 Slow                     Hex            5%         N/A       19%         2
 Mephitic Cloud           Conj/Pois/Air  6%         N/A       32%         3
 Conjure Flame            Conj/Fire      5%         6-21      36%         3
 Hailstorm                Conj/Ice       9%         3d4       61%         4
 Metabolic Englaciation   Hex/Ice        4%         N/A       91%         5


Dungeon Overview and Level Annotations

Branches:
Dungeon (6/15)            Ossuary (visited)
 Temple: D:4-7

Altars:
Dithmenos
Elyvilon
Gozag
Kikubaaqudgha

Shops:
D:3 ?

Annotations:
D:2 1 exclusion
D:3 exclusions: door and 1 more exclusion, Sigmund
D:6 1 runed translucent door, senseless's ghost, amateur GnMo
D:8 1 runed translucent door


Innate Abilities, Weirdness & Mutations

You are immune to poison.
Your flesh is cold resistant. (rC+)
You are immune to negative energy. (rN+++)
You are immune to unholy pain and torment.
You are vulnerable to heat. (rF-)
You do not drink.


Message History

Ouch! That really hurt!
* * * LOW HITPOINT WARNING * * *
Your hound barely misses the steam dragon.
You hear a shout! x2
Your magical contamination has completely faded away.
Unknown command.
Your hound closely misses the steam dragon.
Found 13 arrows.
Found a stone staircase leading down and a stone staircase leading up.
Things that are here:
a +0 dagger; a +0 ring mail; an orc corpse
As you read the scroll of fear, it crumbles to dust.
You assume a fearsome visage.
The steam dragon looks frightened!
Your hound bites the steam dragon.
Your white imp hits the steam dragon but does no damage.
Your hound bites the steam dragon.
Your hound's attack snaps the steam dragon out of its fear.
Unknown command.
As you read the scroll of teleportation, it crumbles to dust.
You feel strangely unstable.
Your hound completely misses the steam dragon.
Your hound closely misses the steam dragon.
The steam dragon bites your white imp.
The steam dragon closely misses your white imp.
Your hound bites the steam dragon.
Found a club.
Unknown command.
Your surroundings suddenly seem different.
Found two quarterstaves and 13 stones.
A steam dragon comes into view.
The steam dragon moves out of view.
Your crimson imp hits the steam dragon.
Your crimson imp disappears in a puff of smoke!
Your white imp hits the steam dragon.
Your white imp freezes the steam dragon.
An orc priest comes into view. It is wielding a +0 club.
Your white imp hits the steam dragon but does no damage.
The steam dragon breathes steam at you. The ball of steam hits you!!
The steam scalds you terribly!
You die...

####### #.. ..# #.###.#
########...#.#
####...)...##.#.#
..............h@#
D...............§.......>.
####..........).§####.....
#.....(.####.5D# )...
#.......# #.#.###5.#
######### ##+#......#
#.......# #...)...#
#...)...#


You could see a steam dragon (catching breath, ally target), a friendly hound
(summoned) and a friendly white imp (summoned).

Vanquished Creatures
  A wraith (Ossuary)
  2 yaks (D:5)
  Duvessa (D:6)
  Dowan (D:6)
  A wyvern skeleton (D:6)
  A wight (Ossuary)
  A bullfrog zombie (D:6)
  A bullfrog skeleton (D:5)
  An orc priest (D:8)
  Terence (D:2)
  An iguana (D:4)
  2 howler monkey zombies (D:6)
  2 adder zombies (Ossuary)
  2 dart slugs (D:1)
  2 orcs
  4 ball pythons
  An endoplasm (D:2)
  3 giant cockroaches
  4 goblins
  3 hobgoblins
  A jackal (D:4)
  2 quokkas
  A ball python skeleton (Ossuary)
  2 bats (D:3)
  A frilled lizard (D:2)
  2 hobgoblin skeletons (Ossuary)
  2 kobolds
  2 kobold zombies (Ossuary)
  An orc skeleton (Ossuary)
  An orc zombie (Ossuary)
  2 rats (D:1)
52 creatures vanquished.

Vanquished Creatures (collateral kills)
  A hornet (D:6)
  3 yaks (D:5)
  A water moccasin (D:5)
  An ice beast (D:6)
  Blork the orc (D:4)
  A bullfrog (D:8)
  A scorpion (D:2)
  2 water moccasin zombies
  A wight (Ossuary)
  6 bullfrog zombies
  3 hounds
  A centaur zombie (D:6)
  Crazy Yiuf (D:6)
  A jelly (D:6)
  An iguana (D:6)
  A scorpion zombie (D:5)
  2 bullfrog skeletons
  An orc wizard (D:4)
  A killer bee zombie (D:6)
  A hound zombie (D:3)
  A hound skeleton (D:5)
  3 howler monkey zombies
  A howler monkey skeleton (D:6)
  3 adders
  A worm zombie (D:5)
  2 worms (D:3)
  4 orcs
  2 ball pythons
  2 bats (D:1)
  4 endoplasms
  A giant cockroach (D:4)
  3 goblins
  A hobgoblin (D:2)
  5 jackals (D:4)
  2 frilled lizards (D:1)
  A jackal zombie (D:5)
  A kobold (D:3)
  A rat (D:2)
  A rat zombie (D:5)
70 creatures vanquished.

Vanquished Creatures (others)
  4 toadstools (D:4)
  3 withered plants (D:6)
7 creatures vanquished.

Grand Total: 129 creatures vanquished

Notes
Turn   | Place    | Note
-------+----------+-------------------------------------------
     0 | D:1      | Mesmaeker13 the Mummy Summoner began the quest for the Orb.
     0 | D:1      | Reached XP level 1. HP: 13/13 MP: 4/4
   645 | D:1      | Reached skill level 3 in Spellcasting
   728 | D:1      | Reached XP level 2. HP: 17/19 MP: 6/6
  1047 | D:1      | Found a faded altar of an unknown god.
  1209 | D:2      | Learned a level 2 spell: Call Imp
  1460 | D:2      | Noticed Terence
  1733 | D:2      | Noticed a scorpion
  1747 | D:2      | Killed a scorpion
  1748 | D:2      | Reached XP level 3. HP: 24/24 MP: 1/8
  1961 | D:1      | Learned a level 3 spell: Call Canine Familiar
  2375 | D:2      | Killed Terence
  2376 | D:2      | Reached XP level 4. HP: 22/30 MP: 2/9
  2713 | D:3      | Noticed Sigmund
  2753 | D:3      | Found an opulent altar of Gozag.
  3075 | D:3      | Reached skill level 4 in Spellcasting
  3553 | D:3      | Found Isoohih's Magic Scroll Boutique.
  3646 | D:4      | Noticed Blork the orc
  3690 | D:4      | Killed Blork the orc
  3849 | D:4      | Found a shadowy altar of Dithmenos.
  3876 | D:4      | Reached XP level 5. HP: 35/35 MP: 7/11
  4252 | D:4      | Found an ancient bone altar of Kikubaaqudgha.
  5301 | D:5      | Entered Level 5 of the Dungeon
  5423 | D:5      | Found a sand-covered staircase.
  5530 | D:5      | Noticed a water moccasin
  5594 | Ossuary  | Entered an ossuary
  5927 | Ossuary  | Noticed a flying skull
  5927 | Ossuary  | Noticed a wraith
  5933 | Ossuary  | Noticed a flying skull
  5935 | Ossuary  | Noticed a flying skull
  5939 | Ossuary  | Noticed a wraith
  5961 | Ossuary  | Killed a wraith
  5962 | Ossuary  | Reached skill level 5 in Spellcasting
  5962 | Ossuary  | Reached XP level 6. HP: 6/41 MP: 5/13
  6370 | Ossuary  | Noticed a flying skull
  6636 | Ossuary  | Noticed a wraith
  6710 | D:5      | Noticed a yak
  6759 | D:5      | Killed a yak
  6760 | D:5      | Reached XP level 7. HP: 46/46 MP: 5/15
  6864 | D:5      | Noticed a yak
  6864 | D:5      | Noticed a yak
  6864 | D:5      | Noticed a yak
  6898 | D:5      | Killed a yak
  7235 | D:5      | Reached skill level 5 in Summonings
  7303 | D:5      | Reached skill level 6 in Spellcasting
  7998 | D:5      | Noticed a yak
  8020 | D:5      | Killed a yak
  8050 | D:5      | Killed a yak
  8141 | D:5      | Killed a yak
  8142 | D:5      | Reached skill level 7 in Spellcasting
  8142 | D:5      | Reached XP level 8. HP: 36/52 MP: 8/18
  8251 | D:6      | Noticed a hornet
  8283 | D:6      | Killed a hornet
  8369 | D:6      | Learned a level 4 spell: Summon Lightning Spire
  8524 | D:6      | Reached skill level 5 in Dodging
  8568 | D:6      | Noticed Dowan
  8569 | D:6      | Noticed Duvessa
  8609 | D:6      | Killed Duvessa
  8612 | D:6      | Killed Dowan
  8613 | D:6      | Reached skill level 1 in Air Magic
  8712 | D:6      | Found a runed translucent door.
  8730 | D:6      | Learned a level 4 spell: Summon Ice Beast
  8733 | D:6      | Noticed senseless's ghost (amateur GnMo)
  9391 | D:6      | Reached skill level 1 in Ice Magic
  9560 | D:6      | Found a runed translucent door.
  9561 | D:6      | Noticed Crazy Yiuf
  9579 | D:6      | Killed Crazy Yiuf
 10204 | D:6      | You fall into a shaft and drop 2 floors!
 10204 | D:8      | Found a large runed translucent door.
 10243 | D:8      | Killed from afar by a steam dragon

Illustrated notes

Levels and vault maps discovered:
D:1:      onia_arrival_pyramid, layout_basic, ebering_ecumenical_altar_rust
D:2:      layout_basic, minmay_pentomino_t4, uniq_terence
D:3:      layout_basic, grunt_gozag_breadcrumbs, serial_shops, shop,
          chequers_serial_rivers_small_b, amcnicky_mini_corridor_feature,
          uniq_sigmund
D:4:      layout_loops_ring, nicolae_dithmenos_the_darkroom,
          general_overflow_altar, minmay_gold_behind_fungi, uniq_blork_the_orc
D:5:      layout_gridville, enter_ossuary_3, kennysheep_decorative_pillar,
          st_stairs_2, corexii_item_surrounded_by_moat
D:6:      layout_gridville, elyvilon_altar_1, serial_undead, serial_undead_e,
          serial_undead_c, serial_undead_e, serial_undead_e, serial_undead_c,
          serial_undead_f, serial_undead_e, serial_undead_a,
          hellmonk_ghost_happy_afterlife, minmay_joined_circles, uniq_duvessa,
          uniq_crazy_yiuf_cottage
D:8:      layout_basic, old_standard_altar, jmf_multi_god_temple2,
          biasface_ghost_orc_armoury, uniq_psyche

Skill      XL: |  1  2  3  4  5  6  7  8 |
---------------+-------------------------+-----
Spellcasting   | 3 4 5 7 |  7.2
Dodging        | 2 3 4 5 |  5.7
Summonings     | 4 5 6 |  6.4
Air Magic      | 1 |  1.0
Ice Magic      | 2 |  2.1
Stealth        | |  1.5

Action                   |  1- 3 |  4- 6 |  7- 9 || total
-------------------------+-------+-------+-------++-------
Melee: Dagger            |    51 |       |       ||    51
       Unarmed           |     1 |       |       ||     1
       Mace              |    16 |    30 |       ||    46
       Spear             |       |    77 |       ||    77
       Short sword       |       |    53 |    54 ||   107
       Trident           |       |       |    67 ||    67
 Cast: Summon Small Mamm |    31 |       |       ||    31
       Call Imp          |    10 |    38 |    44 ||    92
       Call Canine Famil |     2 |    22 |    26 ||    50
Evoke: Wand              |       |    11 |     2 ||    13
  Use: Scroll            |     2 |     2 |     5 ||     9
 Stab: Distracted        |     2 |     1 |     2 ||     5
       Sleeping          |     1 |     5 |       ||     6
       Paralysed         |       |     4 |     5 ||     9
Armor: Robe              |    22 |    29 |    26 ||    77
Dodge: Dodged            |    61 |   128 |   115 ||   304

Table legend: (Time is in decaauts)
 A = Elapsed time spent in this place.
 B = Non-inter-level travel time spent in this place.
 C = Inter-level travel time spent in this place.
 D = Time resting spent in this place.
 E = Time spent auto-exploring this place.
 F = Levels seen in this place.
 G = Mean time per level.
                   A        B        C        D        E       F      G
               +--------+--------+--------+--------+--------+-----+--------+
         Total |  10312 |  10004 |    308 |   3735 |   3488 |   8 | 1289.0 |
       Dungeon |   9198 |   8890 |    308 |   3030 |   3452 |   7 | 1314.0 |
       Ossuary |   1114 |   1114 |      0 |    705 |     36 |   1 | 1114.0 |
               +--------+--------+--------+--------+--------+-----+--------+

Top non-repeatable levels by time:
     D:5: 2139 daAuts
     D:6: 1688 daAuts
     D:3: 1505 daAuts
     D:4: 1385 daAuts
     D:1: 1303 daAuts
     D:2: 1136 daAuts
 Ossuary: 1114 daAuts
     D:8: 41 daAuts
